 Dungeon Crawl Stone Soup version 0.31-a0-174-g85c54bcb58 (webtiles) character file.

Game seed: 11902082346125684364

83980 frimble the Fighter (level 15, -6/111 HPs)
             Began as an Octopode Warper on June 16, 2023.
             Was the Champion of Cheibriados.
             Mangled by a lindwurm (8 damage)
             ... on level 5 of the Lair of Beasts.
             The game lasted 00:47:43 (16259 turns).

frimble the Fighter (Octopode Warper)              Turns: 16259, Time: 00:47:44

Health: -6/111     AC:  3    Str: 28    XL:     15   Next: 78%
Magic:  22/26      EV: 26    Int: 36    God:    Cheibriados [******]
Gold:   1323       SH:  0    Dex: 32    Spells: 15/29 levels left

rFire   . .          .
                       - Unarmed
rCold   + . .        (no shield)
rNeg    . . .        G - +2 hat
rPois   .            m - amulet of Vitality {RegenMP++ Regen++}
rElec   .            c - +6 ring of dexterity
rCorr   .            g - ring of protection from cold
SInv    .            k - ring of wizardry
Will    +....        (no ring)
Stlth   +++++        (no ring)
HPRegen 1.98/turn    (no ring)
MPRegen 1.00/turn    (no ring)
                     (no ring)

%: wizardry (x1)
@: slowed, very slow
A: almost no armour, amphibious, 8 rings, camouflage 1, gelatinous body 1,
(nimble swimmer 1), tentacles
a: Renounce Religion, Bend Time, Temporal Distortion, Slouch, Step From Time


You were on level 5 of the Lair of Beasts.
You worshipped Cheibriados.
Cheibriados was exalted by your worship.
You visited 4 branches of the dungeon, and saw 21 of its levels.
You also visited: Volcano.

You collected 1463 gold pieces.
You spent 140 gold pieces at shops.

Inventory:

Missiles
 b - 4 boomerangs of dispersal
 s - a throwing net
 D - 4 curare-tipped darts
Armour
 G - a +2 hat (worn)
Jewellery
 c - a +6 ring of dexterity (left tentacle)
 g - a ring of protection from cold (right tentacle)
 k - a ring of wizardry (on tentacle)
 m - the amulet of Vitality (around mantle) {RegenMP++ Regen++}
   (You found it on level 5 of the Dungeon)

   [amulet of magic regeneration]

   It increases your rate of magic regeneration.
   Regen:     It increases your rate of health regeneration.
Wands
 i - a wand of light (4)
 o - a wand of polymorph (17)
 w - a wand of paralysis (1)
 y - a wand of mindburst (2)
 A - a wand of roots (17)
Scrolls
 a - 2 scrolls of fear
 j - 3 scrolls of enchant armour
 p - 3 scrolls of teleportation
 v - a scroll of silence
 x - 2 scrolls of vulnerability
 B - a scroll of blinking
 F - a scroll of amnesia
Potions
 d - 8 potions of curing
 e - 6 potions of heal wounds
 f - 3 potions of ambrosia
 h - 3 potions of might
 n - a potion of attraction
 q - a potion of cancellation
 r - 3 potions of magic
 t - a potion of brilliance
 u - 3 potions of enlightenment
 z - a potion of haste {unknown}
 C - a potion of mutation {unknown}
 H - a potion of lignification
 I - a potion of invisibility
 J - a potion of resistance {unknown}
Miscellaneous
 l - a phial of floods
 E - a phantom mirror


   Skills:
 + Level 13.2 Fighting
 - Level 1.0 Throwing
 + Level 11.3 Dodging
 - Level 6.0 Stealth
 - Level 11.0 Unarmed Combat
 + Level 7.8 Spellcasting
 - Level 9.0 Translocations
 - Level 11.0 Poison Magic
 + Level 12.3 Invocations
 - Level 5.1 Evocations


You had 15 spell levels left.
You knew the following spells:

 Your Spells              Type           Power      Damage    Failure   Level
a - Blink                 Tloc           100%       N/A       1%          2
b - Manifold Assault      Tloc           68%        N/A       1%          4
c - Olgreb's Toxic Radia  Pois           75%        N/A       1%          4
d - Passage of Golubria   Tloc           68%        N/A       1%          4

Your spell library contained the following spells:

 Spells                   Type           Power      Damage    Failure   Level
 Apportation              Tloc           100%       N/A       1%          1
 Beastly Appendage        Tmut           28%        N/A       1%          1
 Freeze                   Ice            56%        1d7       1%          1
 Kiss of Death            Conj/Necr      56%        2d9       1%          1
 Magic Dart               Conj           56%        1d5       1%          1
 Sting                    Tmut/Pois      100%       1d8       1%          1
 Ensorcelled Hibernation  Hex/Ice        28%        N/A       1%          2
 Lesser Beckoning         Tloc           100%       N/A       1%          2
 Poisonous Vapours        Pois/Air       100%       N/A       1%          2
 Searing Ray              Conj           28%        2d5       1%          2
 Wereblood                Tmut           14%        N/A       1%          2
 Gell's Gravitas          Tloc           68%        N/A       1%          3
 Spider Form              Tmut/Pois      52%        N/A       1%          3
 Teleport Other           Tloc           68%        N/A       1%          3
 Vhi's Electric Charge    Tloc/Air       92%        N/A       1%          3
 Volatile Blastmotes      Fire/Tloc      92%        2d17      1%          3
 Confusing Touch          Hex            14%        N/A       3%          3
 Frozen Ramparts          Ice            28%        1d5       3%          3
 Hailstorm                Conj/Ice       14%        3d5       3%          3
 Anguish                  Hex/Necr       7%         N/A       12%         4
 Cause Fear               Hex            7%         N/A       12%         4
 Dispel Undead            Necr           14%        3d10      12%         4
 Fulminant Prism          Conj/Hex       7%         3d7       12%         4
 Ice Form                 Ice/Tmut       14%        N/A       12%         4
 Summon Ice Beast         Ice/Summ       14%        N/A       12%         4
 Silence                  Hex/Air        7%         N/A       32%         5
 Summon Mana Viper        Hex/Summ       14%        N/A       32%         5
 Simulacrum               Ice/Necr       7%         N/A       85%         6
 Enfeeble                 Hex            7%         N/A       100%        7
 Monstrous Menagerie      Summ           7%         N/A       100%        7
 Borgnjor's Revivificati  Necr           7%         N/A       100%        8
 Lehudib's Crystal Spear  Conj/Erth      7%         10d3      100%        8
 Necromutation            Tmut/Necr      7%         N/A       100%        8
 Death's Door             Necr           7%         N/A       100%        9


Dungeon Overview and Level Annotations

Branches:
Dungeon (13/15)            Temple (1/1) D:6            Lair (5/5) D:8
  Swamp (0/4) Lair:2       Spider (0/4) Lair:2        Slime (0/5) Lair:4
    Orc (2/2) D:12            Elf (0/3) Orc:2       Volcano (visited)
 Vaults: D:13-14

Altars:
Ashenzari
Cheibriados
Dithmenos
Elyvilon
Fedhas
Gozag
Hepliaklqana
Kikubaaqudgha
Makhleb
Nemelex Xobeh
Okawaru
Qazlal
Ru
Sif Muna
Trog
Uskayaw
Vehumet
Wu Jian
Xom
Yredelemnul
Zin
The Shining One
Jiyva

Shops:
D:4 ?   D:7 !   D:9 (*   D:11 (

Annotations:
D:9 3 runed translucent doors, mdonais's ghost, novice OpBr
Lair:3 exclusion: oklob plant
Lair:5 1 runed translucent door


Innate Abilities, Weirdness & Mutations

You cannot wear most types of armour.
You are amphibious.
You can wear up to eight rings at the same time.
Your skin changes colour to match your surroundings (Stealth+).
Your rubbery body absorbs attacks. (AC +1, EV +1)
((You are camouflaged when in or above water. (Stealth+)))
You have tentacles for arms and can constrict up to eight enemies at once.


Message History

The hornet looks even sicker. x2
You feel extremely sick.
The hornet stings the plant!
The plant is poisoned.
The hornet completely misses you.
The hornet stings you but does no damage.
The hornet misses you. The hornet stings you.
* * * LOW HITPOINT WARNING * * *
You are more poisoned.
You shrug off the repeated paralysis!
The hornet stings the plant!
The hornet misses you. The hornet stings you!
* * * LOW HITPOINT WARNING * * *
You feel as though you will be slow longer.
The hornet stings you!
* * * LOW HITPOINT WARNING * * *
You shrug off the repeated paralysis!
The hornet completely misses you.
The hornet stings the plant.
Activating: Slouch (1% risk of failure)
Press: ? - help, Dir - look around, f - activate You can feel time thicken for a moment.
You kill the hornet!
Cheibriados thoroughly appreciates the change of pace.
You kill the hornet!
Cheibriados thoroughly appreciates the change of pace.
You kill the hornet!
Cheibriados appreciates the change of pace.
You kill the hornet!
Cheibriados thoroughly appreciates the change of pace.
You kill the hornet!
Cheibriados thoroughly appreciates the change of pace.
The lindwurm is poisoned.
Your toxic aura wanes.
* * * LOW HITPOINT WARNING * * *
You feel extremely sick.
Okay, then.
You feel better.
A nearby plant withers and dies. x2; The lindwurm bites you.
* * * LOW HITPOINT WARNING * * *
The lindwurm completely misses you. The lindwurm claws you!
* * * LOW HITPOINT WARNING * * *
The lindwurm bites you!
You die...

#### #####.... ##
#### #..#P... ##.
.#.## ###PP... #..
...P #.PPP... ..
...# #....... #)
..)## ##...#.#
##.#†.PP# ##P....##
##.#w...# ##..#####
#.#k@†# #....# .
###...#.# ###..##
#...#..P.## # ##..##
#...†...####
#....###
###.P....#.#
###..8#+
#.##.....### ###..P#
## ###.....###
#.##...
#..#.....#####.†.##
P....###....#.#...##


You could see a torpor snail (very poisoned) and a lindwurm (poisoned).

Vanquished Creatures
  Rupert (Lair:4)
  Gastronok (D:11)
  A quicksilver ooze (Lair:5)
  Nessos (D:12)
  An ettin (Orc:1)
  4 hydras
  A dancing weapon (Volcano)
  13 two-headed ogres
  16 death yaks
  Sonja (Lair:4)
  3 skysharks
  A pharaoh ant (Lair:2)
  5 wizards (Volcano)
  2 lindwurms
  Pikel (D:8)
  3 deep elf pyromancers
  A manticore (D:12)
  An ugly thing (D:12)
  3 cyclopes
  5 toenail golems (Volcano)
  3 torpor snails
  17 elephants
  Maggie (D:7)
  3 gargoyles
  14 cane toads
  A black mamba (Lair:5)
  4 rime drakes
  3 unseen horrors (D:12)
  Psyche (D:11)
  9 komodo dragons
  14 polar bears
  5 hornets (Lair:5)
  5 trolls
  A tarantella (Lair:2)
  A tyrant leech (Lair:2)
  Grinder (D:5)
  8 blink frogs
  3 dream sheep
  3 raiju (Lair:5)
  5 slime creatures (Lair:5)
  2 shadows (D:12)
  2 jumping spiders (Lair:2)
  3 wyverns
  2 wraiths
  2 basilisks
  A vampire (D:10)
  56 yaks
  4 steam dragons
  3 vampire mosquitoes (D:12)
  6 wargs (Lair:5)
  2 swamp worms (Lair:2)
  14 water moccasins
  2 acid dragons
  2 orc warriors
  14 hell hounds
  A sky beast (D:7)
  13 black bears
  6 ogres
  33 wolves
  5 centaurs
  2 kobold brigands
  8 bullfrogs
  2 gnoll sergeants
  5 scorpions
  10 wights (D:8)
  9 killer bees
  3 howler monkeys
  A crimson imp (D:10)
  3 hounds
  2 gnoll boudas
  10 jellies
  4 orc priests
  3 iguanas
  A sleepcap (D:6)
  Terence (D:3)
  14 orc wizards
  7 hell rats (Lair:2)
  13 gnolls
  10 adders
  2 shadow imps
  A white imp (D:7)
  3 worms
  33 orcs
  4 ball pythons
  7 endoplasms
  A giant cockroach (D:3)
  5 goblins
  4 hobgoblins
  5 jackals
  10 kobolds
  2 quokkas
  3 bats
  A frilled lizard (D:1)
  3 rats
  3 butterflies (Lair:3)
535 creatures vanquished.

Vanquished Creatures (others)
  A yak (Lair:2)
1 creature vanquished.

Grand Total: 536 creatures vanquished

Notes
Turn   | Place    | Note
-------+----------+-------------------------------------------
     0 | D:1      | frimble the Octopode Warper began the quest for the Orb.
     0 | D:1      | Reached XP level 1. HP: 14/14 MP: 3/3
    28 | D:1      | Found a faded altar of an unknown god.
   141 | D:1      | Reached XP level 2. HP: 19/19 MP: 5/5
   147 | D:1      | Learned a level 2 spell: Blink
   926 | D:2      | Reached XP level 3. HP: 24/24 MP: 6/6
  1505 | D:3      | Found a stormy altar of Qazlal.
  1689 | D:3      | Reached XP level 4. HP: 27/29 MP: 7/7
  1706 | D:3      | Noticed Terence
  2261 | D:4      | Found an iron altar of Okawaru.
  2285 | D:4      | Reached XP level 5. HP: 25/34 MP: 8/8
  2366 | D:4      | Found Laaczoas's Magic Scroll Shop.
  2801 | D:3      | Found an opulent altar of Gozag.
  2861 | D:3      | Noticed an ogre
  2877 | D:5      | Entered Level 5 of the Dungeon
  2886 | D:5      | Reached skill level 1 in Evocations
  2940 | D:5      | Noticed a black bear
  2951 | D:5      | Killed a black bear
  2952 | D:5      | Reached skill level 5 in Unarmed Combat
  2952 | D:5      | Reached XP level 6. HP: 30/39 MP: 6/9
  3451 | D:3      | Killed Terence
  3452 | D:3      | Reached XP level 7. HP: 29/45 MP: 10/10
  3669 | D:5      | Noticed Grinder
  3761 | D:6      | Learned a level 4 spell: Manifold Assault
  3910 | D:5      | Found the amulet of Vitality {RegenMP++ Regen++}
  4072 | D:5      | Reached skill level 3 in Fighting
  4153 | D:6      | Reached XP level 8. HP: 34/52 MP: 11/11
  4597 | D:6      | Found a staircase to the Ecumenical Temple.
  4601 | Temple   | Entered the Ecumenical Temple
  4648 | Temple   | Became a worshipper of Cheibriados the Contemplative
  4808 | D:7      | Reached skill level 4 in Fighting
  4850 | D:7      | Noticed Maggie
  4867 | D:7      | Killed Maggie
  5059 | D:7      | Noticed a wyvern
  5069 | D:7      | Killed a wyvern
  5070 | D:7      | Reached skill level 5 in Fighting
  5070 | D:7      | Reached XP level 9. HP: 61/61 MP: 12/12
  5082 | D:7      | Reached skill level 1 in Stealth
  5082 | D:7      | Reached skill level 5 in Translocations
  5149 | D:7      | HP: 1/61 [yak (17)]
  5230 | D:7      | Reached * piety under Cheibriados
  5320 | D:7      | Noticed a cyclops
  5337 | D:7      | Noticed a cyclops
  5350 | D:7      | Killed a cyclops
  5351 | D:7      | Reached skill level 6 in Fighting
  5351 | D:7      | Reached skill level 5 in Dodging
  5359 | D:7      | Killed a cyclops
  5360 | D:7      | Reached XP level 10. HP: 36/69 MP: 8/13
  5621 | D:7      | Reached skill level 5 in Stealth
  5901 | D:7      | Found a hazy altar of Hepliaklqana.
  5917 | D:7      | Found Plog's Distillery.
  5922 | D:7      | Bought 2 potions of heal wounds for 140 gold pieces
  6522 | D:8      | Reached ** piety under Cheibriados
  6598 | D:8      | Reached skill level 1 in Invocations
  6608 | D:8      | Reached skill level 5 in Evocations
  6670 | D:8      | Noticed Pikel
  6680 | D:8      | Killed Pikel
  6687 | D:8      | Found a staircase to the Lair.
  6773 | D:8      | Learned a level 4 spell: Olgreb's Toxic Radiance
  6807 | D:8      | Found a glowing golden altar of the Shining One.
  6812 | D:8      | Found a sacrificial altar of Ru.
  6842 | D:8      | Noticed a two-headed ogre
  6863 | D:8      | Killed a two-headed ogre
  6864 | D:8      | Reached skill level 7 in Fighting
  6864 | D:8      | Reached skill level 1 in Poison Magic
  7356 | D:5      | Killed Grinder
  7579 | D:9      | Found Xubiwkan's Antique Weapon Shop.
  7649 | D:9      | Reached XP level 11. HP: 24/75 MP: 7/16
  7677 | D:9      | Noticed a two-headed ogre
  7691 | D:9      | Killed a two-headed ogre
  7725 | D:9      | Found a runed translucent gate.
  7725 | D:9      | Found a runed translucent gate.
  7725 | D:9      | Found a runed translucent gate.
  7728 | D:9      | Noticed mdonais's ghost (novice OpBr)
  7788 | D:9      | Found Belodduo's Elemental Accessories.
  7806 | D:9      | Noticed a two-headed ogre
  7820 | D:9      | Killed a two-headed ogre
  7883 | D:9      | Found a white marble altar of Elyvilon.
  7937 | D:9      | Noticed a two-headed ogre
  8132 | D:9      | Reached *** piety under Cheibriados
  8175 | D:9      | Found a shimmering blue altar of Sif Muna.
  8346 | D:9      | Found a viscous altar of Jiyva.
  8439 | D:9      | Killed a two-headed ogre
  8550 | D:10     | Entered Level 10 of the Dungeon
  8586 | D:10     | Reached skill level 8 in Fighting
  8935 | D:10     | Found a radiant altar of Vehumet.
  8936 | D:10     | Found a burning altar of Makhleb.
  9158 | D:11     | Noticed Gastronok
  9158 | D:11     | Found Zeshrye's Antique Weapon Shop.
  9249 | Lair:1   | Entered Level 1 of the Lair of Beasts
  9263 | Lair:1   | Reached **** piety under Cheibriados
  9289 | Lair:1   | Reached skill level 5 in Poison Magic
  9289 | Lair:1   | Reached skill level 5 in Invocations
  9381 | Lair:1   | Reached skill level 10 in Unarmed Combat
  9413 | Lair:1   | Found a dark tunnel.
  9432 | Volcano  | Entered a volcano
  9435 | Volcano  | Noticed a wizard
  9446 | Volcano  | Killed a wizard
  9447 | Volcano  | Reached XP level 12. HP: 53/84 MP: 12/18
  9544 | Volcano  | Reached skill level 9 in Fighting
  9771 | Lair:1   | Noticed a death yak
  9786 | Lair:1   | Noticed a death yak
  9787 | Lair:1   | Killed a death yak
  9788 | Lair:1   | Noticed a death yak
  9788 | Lair:1   | Noticed a death yak
  9790 | Lair:1   | Noticed a death yak
  9810 | Lair:1   | Killed a death yak
  9826 | Lair:1   | Killed a death yak
  9833 | Lair:1   | Killed a death yak
  9834 | Lair:1   | Killed a death yak
  9994 | Lair:1   | Reached XP level 13. HP: 49/92 MP: 14/19
 10463 | Lair:1   | Reached skill level 10 in Fighting
 10606 | Lair:2   | Found a hole to the Spider Nest.
 10666 | Lair:2   | You fall into a shaft and drop 2 floors!
 10704 | Lair:4   | Found a staircase to the Slime Pits.
 10819 | Lair:4   | Noticed Rupert
 10871 | Lair:4   | Noticed Sonja
 10875 | Lair:4   | Killed Sonja
 11524 | Lair:2   | Reached ***** piety under Cheibriados
 11565 | Lair:2   | Found a staircase to the Swamp.
 12077 | D:11     | Killed Gastronok
 12078 | D:11     | Reached skill level 11 in Fighting
 12078 | D:11     | Reached skill level 10 in Poison Magic
 12320 | D:11     | Noticed Psyche
 12336 | D:11     | Killed Psyche
 12537 | D:12     | Identified the +1 robe of the Abyss {+Inv rN+++ Str+4
                  | Int-3}
 12564 | D:12     | Reached XP level 14. HP: 38/101 MP: 18/21
 12910 | D:12     | Found a staircase to the Orcish Mines.
 12917 | D:12     | Learned a level 4 spell: Passage of Golubria
 13273 | D:12     | Noticed Nessos
 13278 | D:12     | Killed Nessos
 13343 | D:12     | Reached skill level 10 in Invocations
 13443 | Orc:1    | Entered Level 1 of the Orcish Mines
 13512 | Orc:2    | Entered Level 2 of the Orcish Mines
 13512 | Orc:2    | Found a staircase to the Elven Halls.
 13612 | Orc:2    | Reached skill level 5 in Spellcasting
 14072 | Lair:3   | Reached skill level 12 in Fighting
 14343 | Lair:3   | Reached skill level 10 in Dodging
 14655 | Lair:4   | Killed Rupert
 14763 | Lair:4   | Reached XP level 15. HP: 102/109 MP: 24/24
 15108 | Lair:5   | Entered Level 5 of the Lair of Beasts
 15115 | Lair:5   | Reached ****** piety under Cheibriados
 15411 | Lair:5   | Reached skill level 13 in Fighting
 15441 | Lair:5   | Got the Compilation of the Jaunt and the Arsonist
 16214 | Lair:5   | Found a runed translucent door.
 16256 | Lair:5   | Paralysed by a hornet for 1 turns
 16259 | Lair:5   | HP: 2/111 [lindwurm (9)]
 16259 | Lair:5   | Mangled by a lindwurm

Illustrated notes

Levels and vault maps discovered:
D:1:      ldierk_walled_garden, layout_basic,
          shapermc_ecumenical_altar_starsandcircs
D:2:      layout_basic
D:3:      layout_basic, mainiacjoe_overflow_alcove_4,
          nicolae_qazlal_general_emergency, uniq_terence
D:4:      layout_loops_cross, general_overflow_altar, serial_shops,
          nicolae_shop_trees, minmay_misc_feat_ornament,
          hangedman_abyss_or_decor_lesser_grid, kennysheep_cross_room
D:5:      layout_cave_pools, uniq_grinder
D:6:      layout_basic, minmay_temple_entry_glassed_door
D:7:      nzn_winding_woodlands_three_and_one
          [nzn_winding_woodlands_5x15_parted,
          nzn_winding_woodlands_5x15_split_checker,
          nzn_winding_woodlands_5x15_sawtooth,
          nzn_winding_woodlands_center_diamonds], layout_loops_corners,
          nicolae_hepliaklqana_hazy_memory, serial_glass, glass_columns_b,
          glass_columns_a, serial_shops, shop, minmay_misc_feat_tiny,
          nrook_mini_vaults, bh_walls_and_bars, uniq_maggie
D:8:      layout_loops_ring, mainiacjoe_overflow_catwalk_spiral,
          david_lair_shrubbed, uniq_pikel
D:9:      layout_gridville, old_standard_altar, old_standard_altar,
          serial_shops, shop, gammafunk_ghost_ooze, nicolae_elemental_shop
D:10:     layout_gridville, grunt_temple_overflow_lords_of_destruction
D:11:     layout_cave_pools, serial_shops, nicolae_shop_gibbet_a_chance,
          uniq_gastronok, uniq_psyche
D:12:     minmay_octagon_keep, layout_long_grid, orc_0_dummy, uniq_nessos
D:13:     layout_cave_pods
Temple:   minmay_temple_bridge_abc
Lair:1:   layout_regular_city, enter_volcano_3, columned_hall_lemuel,
          st_stairs_10, infiniplex_staircase_pool_2, grunt_megastairs_2
Lair:2:   layout_regular_city, palyth_hydra_swamp_entry,
          nicolae_spider_entry_lesser_pyramids
Lair:3:   minmay_lair_oklob_tunnel, layout_loops_ring, lemuel_fruit_fields,
          lemuel_fruit_fields
Lair:4:   layout_misc_corridors, nicolae_slime_entry_field_trip,
          grunt_forest_stairs_basic, beast_lair_carwin_8, uniq_sonja,
          uniq_rupert
Lair:5:   wormcave, layout_loops_ring, hangedman_lair_caniforms_friends,
          nicolae_lair_time_for_slime
Orc:1:    layout_caves, hellmonk_bongcloud_opening, uniq_josephine
Orc:2:    st_orc_open, layout_diamond_mine, minmay_orc_temple_a

Skill      XL: |  1  2  3  4  5  6  7  8  9 10 11 12 13 14 15 |
---------------+----------------------------------------------+-----
Unarmed Combat | 3 4 5 6 7 8 9 10 11 | 11.0
Dodging        | 3 4 5 6 8 10 11 | 11.3
Evocations     | 1 2 4 5 |  5.1
Fighting       | 3 5 6 7 8 9 11 12 13 | 13.2
Translocations | 4 6 7 8 9 |  9.0
Stealth        | 4 6 |  6.0
Invocations    | 3 5 7 9 11 12 | 12.3
Poison Magic   | 2 5 7 10 11 | 11.0
Spellcasting   | 3 4 6 7 |  7.8
Throwing       | |  1.0

Action                     |  1- 3 |  4- 6 |  7- 9 | 10-12 | 13-15 || total
---------------------------+-------+-------+-------+-------+-------++-------
  Melee: Unarmed           |    69 |    87 |   205 |   330 |   574 ||  1265
         Constrict         |    15 |    24 |    33 |    35 |    58 ||   165
         Tentacles         |    11 |    19 |    61 |    80 |   179 ||   350
         Punch             |       |     2 |    17 |    27 |    68 ||   114
  Throw: Boomerang         |       |    15 |    29 |       |       ||    44
   Cast: Blink             |       |     1 |     7 |    29 |    40 ||    77
         Manifold Assault  |       |       |     4 |    29 |     8 ||    41
         Olgreb's Toxic Ra |       |       |       |    52 |   120 ||   172
 Invoke: Slouch            |       |       |       |     2 |    13 ||    15
  Evoke: Wand              |       |     1 |    10 |    11 |    20 ||    42
         Phial of floods   |       |       |       |     2 |     1 ||     3
    Use: Scroll            |     8 |     1 |     7 |     4 |     8 ||    28
         Potion            |       |       |     1 |       |     5 ||     6
   Stab: Sleeping          |     8 |     2 |     3 |     7 |    12 ||    32
         Invisible         |       |     1 |       |       |     4 ||     5
         Paralysed         |       |       |    14 |     8 |       ||    22
         Distracted        |       |       |       |       |     1 ||     1
 Armour: Skin              |     4 |     4 |     3 |     7 |    47 ||    65
  Dodge: Dodged            |    30 |    53 |   100 |   224 |   653 ||  1060

Table legend: (Time is in decaauts)
 A = Elapsed time spent in this place.
 B = Non-inter-level travel time spent in this place.
 C = Inter-level travel time spent in this place.
 D = Time resting spent in this place.
 E = Time spent auto-exploring this place.
 F = Levels seen in this place.
 G = Mean time per level.
                   A        B        C        D        E       F      G
               +--------+--------+--------+--------+--------+-----+--------+
         Total |  22191 |  20396 |   1795 |    134 |  15717 |  22 | 1008.7 |
       Dungeon |  13917 |  12591 |   1326 |    134 |  10133 |  13 | 1070.5 |
        Temple |     72 |     38 |     34 |      0 |     33 |   1 |   72.0 |
          Lair |   7549 |   7182 |    367 |      0 |   5332 |   5 | 1509.8 |
  Orcish Mines |    288 |    222 |     66 |      0 |    149 |   2 |  144.0 |
       Volcano |    363 |    363 |      0 |      0 |     69 |   1 |  363.0 |
               +--------+--------+--------+--------+--------+-----+--------+

Top non-repeatable levels by time:
     D:7: 1994 daAuts
  Lair:5: 1936 daAuts
     D:9: 1751 daAuts
  Lair:2: 1745 daAuts
    D:12: 1615 daAuts
  Lair:1: 1516 daAuts
     D:8: 1329 daAuts
  Lair:3: 1191 daAuts
  Lair:4: 1158 daAuts
    D:10: 1104 daAuts
     D:3: 1009 daAuts
     D:4: 1004 daAuts
    D:11: 903 daAuts
     D:1: 893 daAuts
     D:5: 852 daAuts
